 Dungeon Sprint DCSS version 0.27.1-33-g824d729ab1 (webtiles) character file.

Game seed: 4877720631699029730

2181 Dadi the Severer (level 9, -8/101 HPs)
             Began as a Hill Orc Berserker on Dec 20, 2021.
             Was a High Priest of Trog.
             Succumbed to Sonja's poison
             ... in the Dungeon (Sprint I: "Red Sonja").
             The game lasted 00:05:50 (1138 turns).

Dadi the Severer (Hill Orc Berserker)               Turns: 1138, Time: 00:05:50

Health: -8/101     AC: 11    Str: 23    XL:     9   Next: 33%
Magic:  9/9        EV: 12    Int:  7    God:    Trog [*****.]
Gold:   205        SH:  0    Dex: 10    Spells: 8/8 levels left

rFire    . . .     SeeInvis .   a - +0 hand axe
rCold    . . .     Faith    .   (no shield)
rNeg     . . .     Spirit   .   i - +0 chain mail
rPois    .         Reflect  .   (no helmet)
rElec    .         Harm     .   m - +0 cloak
rCorr    .         Rampage  .   (no gloves)
Will     .....     NoTele   +   (no boots)
Stlth    ..........             (no amulet)
HPRegen  0.26/turn              d - +4 ring of evasion
MPRegen  0.11/turn              (no ring)

@: lethally poisoned (-8 -> -57), on berserk cooldown, slowed, very slow
A: no striking features
a: Renounce Religion, Berserk, Trog's Hand, Brothers in Arms


You were in the Dungeon.
You worshipped Trog.
Trog was extremely pleased with you.
You visited 1 branch You collected 405 gold pieces.
You spent 200 gold pieces at shops.

Inventory:

Hand Weapons
 a - a +0 hand axe (weapon)
Armour
 b - a +0 animal skin
 i - a +0 chain mail (worn)
 j - a +2 robe of cold resistance
 m - a +0 cloak (worn)
Jewellery
 d - a +4 ring of evasion (left hand)
 l - a ring of wizardry
Scrolls
 k - a scroll of summoning {unknown}
Potions
 e - a potion of haste
 f - 2 potions of magic
 g - a potion of berserk rage


   Skills:
 - Level 16.3 Fighting
 - Level 17.5 Axes
 + Level 5.5 Armour
 - Level 1.5 Dodging


You had 8 spell levels left.
You didn't know any spells.
Your spell library was empty.

Dungeon Overview and Level Annotations

Branches:
Dungeon (1/1)

Altars:
Cheibriados
Dithmenos
Elyvilon
Fedhas
Gozag
Hepliaklqana
Kikubaaqudgha
Makhleb
Nemelex Xobeh
Okawaru
Qazlal
Ru
Sif Muna
Trog
Uskayaw
Vehumet
Wu Jian
Xom
Yredelemnul
Zin
The Shining One
Jiyva
Lugonu

Shops:
D *

Annotations:
D Sonja


Message History

You are lethally poisoned!
Sonja hits you but does no damage.
You are more poisoned.
Sonja hits you with a +2 short sword of venom.
* * * LOW HITPOINT WARNING * * *
You are more poisoned.
You completely miss Sonja.
* * * LOW HITPOINT WARNING * * *
You feel extremely sick. Sonja barely misses you.
Sonja hits you but does no damage.
Sonja hits you with a +2 short sword of venom.
* * * LOW HITPOINT WARNING * * *
You are more poisoned.
You feel better. Sonja hits you but does no damage.
You are poisoned.
Sonja barely misses you.
Sonja hits you with a +2 short sword of venom.
* * * LOW HITPOINT WARNING * * *
You are more poisoned.
Sonja barely misses you.
Sonja hits you with a +2 short sword of venom.
* * * LOW HITPOINT WARNING * * *
You are more poisoned.
Sonja hits you but does no damage.
You are more poisoned.
Okay, then.
You miss Sonja.
* * * LOW HITPOINT WARNING * * *
You feel extremely sick.
Sonja shouts, "Hah!
Missed me again!"
Sonja hits you with a +2 short sword of venom.
* * * LOW HITPOINT WARNING * * *
Sonja hits you with a +2 short sword of venom.
* * * LOW HITPOINT WARNING * * *
Sonja barely misses you. Sonja hits you but does no damage.
You are more poisoned.
Sonja hits you but does no damage.
You are more poisoned.
Sonja closely misses you.
You die... ########################## #<.#..)..#..'..#__#..'...# #..').#..').#..'^))..#..s# #..#####'#####'#__#### s.ss.

#..####..#...#.####
##..
#..#__####..##(# #
#..#_____##'#_.+
#⌠⌠#_.∩...K.@._#
####_..__##_.#'#
#_____###'#.#
####### #.### $.$
$.$# ##.## #+#


You could see Sonja.

Vanquished Creatures
  2 kobold demonologists (D)
  4 demonic crawlers (D)
  A slime creature (D)
  Sigmund (D)
  A yak (D)
  A floating eye (D)
  An ogre (D)
  A jelly (D)
  Ijyb (D)
13 creatures vanquished.

Notes
Turn   | Place    | Note
-------+----------+-------------------------------------------
     0 | D        | Dadi the Hill Orc Berserker began the quest for the Orb.
     0 | D        | Reached XP level 1. HP: 19/19 MP: 1/1
     2 | D        | Noticed Ijyb
    15 | D        | Killed Ijyb
    16 | D        | Reached skill level 6 in Axes
    16 | D        | Reached XP level 2. HP: 24/30 MP: 2/2
    16 | D        | Reached XP level 3. HP: 29/37 MP: 3/3
   147 | D        | Noticed an ogre
   150 | D        | Killed an ogre
   151 | D        | Reached skill level 9 in Axes
   151 | D        | Reached XP level 4. HP: 49/49 MP: 4/4
   210 | D        | Noticed Sigmund
   215 | D        | Killed Sigmund
   215 | D        | Reached ** piety under Trog
   216 | D        | Reached skill level 11 in Axes
   216 | D        | Reached XP level 5. HP: 60/60 MP: 5/5
   216 | D        | Reached XP level 6. HP: 68/68 MP: 6/6
   266 | D        | Found an ornate altar of the Wu Jian Council.
   266 | D        | Found a shimmering blue altar of Sif Muna.
   268 | D        | Found a radiant altar of Vehumet.
   272 | D        | Reached skill level 12 in Axes
   322 | D        | Found Usmofut's Assorted Antiques.
   322 | D        | Found an ancient bone altar of Kikubaaqudgha.
   322 | D        | Found a hazy altar of Hepliaklqana.
   322 | D        | Found a stormy altar of Qazlal.
   322 | D        | Found a hide-covered altar of Uskayaw.
   322 | D        | Found a blossoming altar of Fedhas.
   322 | D        | Found a bloodstained altar of Trog.
   322 | D        | Found an iron altar of Okawaru.
   322 | D        | Found a basalt altar of Yredelemnul.
   322 | D        | Found a glowing golden altar of the Shining One.
   322 | D        | Found a snail-covered altar of Cheibriados.
   322 | D        | Found a sacrificial altar of Ru.
   322 | D        | Found a glowing silver altar of Zin.
   322 | D        | Found a shadowy altar of Dithmenos.
   322 | D        | Found a white marble altar of Elyvilon.
   322 | D        | Noticed a yak
   329 | D        | Killed a yak
   330 | D        | Reached skill level 13 in Axes
   330 | D        | Reached XP level 7. HP: 78/78 MP: 7/7
   330 | D        | Found an opulent altar of Gozag.
   331 | D        | Found a sparkling altar of Nemelex Xobeh.
   336 | D        | Bought a peridot ring for 100 gold pieces
   389 | D        | Found a burning altar of Makhleb.
   389 | D        | Found a viscous altar of Jiyva.
   389 | D        | Found a shimmering altar of Xom.
   389 | D        | Found a corrupted altar of Lugonu.
   389 | D        | Noticed a slime creature
   396 | D        | Killed a slime creature
   396 | D        | Reached *** piety under Trog
   397 | D        | Reached skill level 14 in Axes
   474 | D        | Noticed a kobold demonologist
   485 | D        | Paralysed by a floating eye for 3 turns
   492 | D        | Noticed a kobold demonologist
   498 | D        | Killed a kobold demonologist
   499 | D        | Reached skill level 15 in Axes
   499 | D        | Reached XP level 8. HP: 90/90 MP: 8/8
   502 | D        | Killed a kobold demonologist
   502 | D        | Reached **** piety under Trog
   503 | D        | Reached skill level 16 in Axes
   554 | D        | Noticed a demonic crawler
   554 | D        | Noticed a demonic crawler
   554 | D        | Noticed a demonic crawler
   555 | D        | Noticed a demonic crawler
   591 | D        | Killed a demonic crawler
   592 | D        | Reached skill level 15 in Fighting
   614 | D        | Killed a demonic crawler
   615 | D        | Reached skill level 17 in Axes
   615 | D        | Reached XP level 9. HP: 10/100 MP: 9/9
   921 | D        | Killed a demonic crawler
   921 | D        | Reached ***** piety under Trog
  1036 | D        | Bought a small garnet ring for 100 gold pieces
  1053 | D        | Killed a demonic crawler
  1054 | D        | Reached skill level 5 in Armour
  1121 | D        | Noticed Sonja
  1138 | D        | Succumbed to Sonja's poison

Illustrated notes

Levels and vault maps discovered:
D:        dungeon_sprint_1 [red_sonja_temple_1, red_sonja_temple_small_1]

Skill      XL: |  1  2  3  4  5  6  7  8  9 |
---------------+----------------------------+-----
Fighting       | 6 8 11 12 14 15 16 | 16.3
Axes           | 6 9 11 13 15 17 | 17.5
Armour         | 5 |  5.5
Dodging        | |  1.5

Action                   |  1- 3 |  4- 6 |  7- 9 || total
-------------------------+-------+-------+-------++-------
Melee: Hand axe          |    13 |    11 |    90 ||   114
Invok: Berserk           |     2 |     3 |     6 ||    11
  Use: Potion            |       |       |     2 ||     2
       Scroll            |       |       |     1 ||     1
Armor: Chain mail        |       |     1 |    51 ||    52
Dodge: Dodged            |     5 |       |    42 ||    47
